Map: Neon Violet Square LE

Players

Spiralis

  • Race: Zerg Zerg
  • League: Diamond
  • Spawn Location: 11:00

Dessa - Winner!

  • Race: Zerg Zerg
  • League: Diamond
  • Spawn Location: 5:00

VOD

Have the link to the VOD?

Description

Time

  • Played on: Jan. 15, 2018, 7:37 a.m.
  • Length: 11:03
Show
View Real Time Build Order
Export as new Build Order

Spiralis Zerg 

Build Orders: Hatch First 

Get SALT Encoding   

  12  0:01  Drone  
  13  0:13  Overlord  
  13  0:21  Drone  
  14  0:31  Drone x2  
  16  0:35  Drone  
  17  0:46  Drone  
  18  1:00  Hatchery  
  18  1:02  Extractor  
  16  1:04  Drone  
  17  1:19  Spawning Pool  
  17  1:22  Drone  
  17  1:25  Drone  
  17  1:30  Drone  
  19  1:40  Drone  
  20  1:50  Overlord  
  20  2:04  Drone  
  20  2:05  Metabolic Boost  
  20  2:08  Queen  
  21  2:12  Zergling x2  
  24  2:19  Queen  
  24  2:22  Drone  
  27  2:26  Drone  
  28  2:52  Hatchery  
  28  2:55  Baneling Nest  
  26  3:00  Queen  
  26  3:05  Overlord  
  28  3:13  Drone  
  28  3:14  Overlord  
  28  3:18  Zergling x6  
  32  3:27  Zergling x6  
  35  3:35  Overlord  
  35  3:36  Drone  
  35  3:37  Drone  
  30  3:50  Zergling x10  
  35  4:01  Zergling x2  
  35  4:02  Zergling x2  
  24  4:21  Zergling x2  
  24  4:22  Zergling x4  
  24  4:23  Baneling x2  
  24  4:24  Baneling  
  23  4:28  Zergling x8  
  27  4:43  Zergling x2  
  27  4:44  Zergling x6  
  31  4:52  Zergling x8  
  34  4:59  Zergling x2  
  35  5:01  Queen  
  37  5:08  Baneling  
  37  5:09  Baneling  
  37  5:11  Drone x2  
  33  5:37  Drone  
  33  5:38  Drone x4  
  38  5:45  Drone  
  38  5:46  Queen  
  41  6:01  Hatchery  
  40  6:17  Drone x7  
  46  6:20  Baneling  
  46  6:21  Baneling  
  46  6:31  Drone  
  46  6:32  Drone x3  
  50  6:40  Baneling x3  
  50  6:45  Drone  
  50  6:46  Roach Warren  
  50  6:55  Drone x4  
  50  6:59  Extractor  
  50  7:00  Extractor  
  52  7:08  Drone x2  
  52  7:09  Drone  
  52  7:10  Drone  
  52  7:11  Drone x2  
  58  7:17  Overlord x2  
  57  7:39  Roach x4  
  57  7:40  Roach x4  
  73  7:50  Drone  
  73  7:51  Drone x7  
  81  8:01  Overlord x3  
  81  8:15  Overlord x2  
  81  8:17  Extractor  
  78  8:20  Evolution Chamber  
  75  8:28  Lair  
  75  8:30  Extractor  
  75  8:31  Drone  
  75  8:32  Drone x12  
  85  8:38  Extractor  
  85  8:41  Pneumatized Carapace  
  84  8:48  Overlord  
  84  8:49  Overlord  
  84  8:55  Drone x2  
  86  8:56  Drone, Overlord  
  86  8:57  Hatchery, Overlord  
  86  9:03  Roach  
  86  9:04  Roach x2  
  92  9:12  Roach  
  92  9:13  Roach x4  
  102  9:20  Roach  
  102  9:21  Roach x4  
  112  9:25  Roach x2  
  116  9:44  Roach x4  
  116  9:45  Roach x4  
  130  9:58  Roach  
  130  9:59  Roach x6  
  102  10:15  Roach  
  102  10:16  Roach x5  
  87  10:29  Roach  
  87  10:30  Roach x4  
  89  10:39  Roach x2  
Show
View Real Time Build Order
Export as new Build Order

Dessa Zerg - Winner!

Build Orders: Pool First 

Get SALT Encoding   

  12  0:01  Drone  
  13  0:13  Overlord  
  13  0:19  Drone  
  14  0:31  Drone  
  14  0:32  Drone  
  16  0:36  Drone  
  16  0:39  Extractor  
  16  0:46  Drone  
  17  0:52  Spawning Pool  
  16  0:59  Drone  
  17  1:21  Hatchery  
  17  1:25  Drone  
  17  1:39  Queen  
  19  1:43  Metabolic Boost  
  19  1:48  Zergling x2  
  20  1:55  Overlord  
  20  1:59  Drone  
  21  2:03  Drone  
  22  2:15  Baneling Nest  
  21  2:16  Drone  
  22  2:28  Drone  
  23  2:36  Zergling x4  
  25  2:38  Queen  
  27  2:48  Zergling x4  
  27  2:50  Overlord  
  29  2:54  Zergling x2  
  29  2:56  Zergling x2  
  31  3:01  Zergling x2  
  32  3:10  Zergling x2  
  32  3:11  Zergling x4  
  34  3:16  Baneling x2  
  34  3:25  Zergling x4  
  36  3:29  Zergling x2  
  36  3:31  Zergling x4  
  37  3:49  Zergling x6  
  37  3:51  Baneling x2  
  34  4:18  Baneling  
  34  4:20  Zergling x4  
  34  4:21  Drone x2  
  37  4:25  Drone x4  
  35  4:55  Zergling x12  
  39  5:03  Baneling  
  39  5:04  Baneling x3  
  39  5:07  Zergling x8  
  40  5:37  Drone x4  
  40  5:40  Overlord  
  44  5:49  Roach Warren  
  43  5:53  Overlord  
  43  5:58  Drone x2  
  43  5:59  Drone x2  
  43  6:02  Extractor x2, Overlord  
  45  6:17  Drone  
  45  6:18  Drone x2  
  48  6:19  Drone x3  
  48  6:20  Drone  
  48  6:23  Overlord  
  48  6:25  Drone x2  
  53  6:27  Lair  
  54  6:34  Drone x2, Evolution Chamber  
  54  6:37  Evolution Chamber  
  54  6:48  Drone  
  54  6:49  Drone  
  56  6:55  Pneumatized Carapace, Hatchery  
  56  7:00  Zerg Missile Weapons Level 1  
  55  7:03  Zerg Ground Armor Level 1  
  55  7:04  Overlord  
  55  7:10  Roach x3  
  55  7:11  Roach x3  
  67  7:20  Extractor  
  65  7:44  Drone x2  
  65  7:45  Roach  
  65  7:46  Roach x3  
  65  7:47  Overlord  
  75  7:53  Glial Reconstitution  
  75  8:04  Overlord  
  75  8:05  Overlord  
  75  8:13  Queen  
  75  8:14  Drone  
  75  8:15  Drone x2  
  75  8:16  Drone  
  79  8:39  Ravager x6  
  79  8:40  Roach x5, Overlord  
  95  8:42  Overlord  
  95  8:49  Roach  
  97  9:04  Roach x6, Overlord  
  97  9:09  Overlord  
  109  9:14  Drone x4  
  113  9:34  Roach  
  113  9:35  Roach x6  
  120  10:00  Roach x4  
  122  10:08  Overlord  
  122  10:09  Overlord x2  
  110  10:21  Roach x2  
  110  10:22  Roach  
  108  10:41  Hatchery  
  107  10:43  Extractor  
Tags
 
Add a new tag
Caveats
  • Supply blocks, unpowered buildings, or Contaminate may cause inaccurate times.
  • Supply counts are checked every 10 seconds.